AoeStats
← Kanata

Arena

510222293Analyzed
1v1 RM · 1d ago on Sep 30, 2026· 18m 50s· 2 players
Game mode
Random Map
Map size
Tiny (2 player)
Population
200
Speed
Normal
Resources
Standard
Victory
Conquest
Starting age
Dark Age
Ending age
Imperial Age
RankedLock teamsTeams togetherTeam positionsShared explorationLock speedFull tech treeHidden civsTurbo modeCheats
Victory
Defeat
🇨🇴 Spanish · Colombia
531
+13
🇨🇳 Bohemians · China
466
-13
Kanata
5:09 Loom
12:05 Feudal Age
13:08 Horse Collar
13:16 Double-Bit Axe
18:15 Castle Age
Tito18699
10:01 Feudal Age
11:03 Double-Bit Axe
16:50 Castle Age
15:37 Horse Collar
Connection lost

Rejoining the realm…

Still unreachable

The connection could not be restored.

Session expired

The server has moved on; the page needs a fresh start.